AoeStats
← Cheonma

Arabia

505916110Analyzed
1v1 RM · 21d ago on Sep 11, 2026· 51m 28s· 2 players
Game mode
Random Map
Map size
Tiny (2 player)
Population
200
Speed
Normal
Resources
Standard
Victory
Conquest
Starting age
Dark Age
Ending age
Imperial Age
RankedLock teamsTeams togetherTeam positionsShared explorationLock speedFull tech treeHidden civsTurbo modeCheats
Victory
Defeat
🇦🇷 Magyars · Argentina
1102
+15
🇦🇷 Magyars · Argentina
1080
-15
sug0ma
2:34 Loom
10:47 Feudal Age
13:18 Double-Bit Axe
21:22 Castle Age
19:19 Horse Collar
20:52 Scale Barding Armor
22:51 Bow Saw
32:48 Chain Barding Armor
38:08 Imperial Age
37:14 Heavy Plow
37:33 Fletching
38:59 Bodkin Arrow
40:08 Ballistics
40:45 Elite Skirmisher
42:57 Corvinian Army
46:26 Wheelbarrow
45:38 Town Watch
46:02 Bracer
46:03 Padded Archer Armor
46:39 Plate Barding Armor
47:36 Elite Magyar Huszar
50:13 Leather Archer Armor
Cheonma
5:33 Loom
9:01 Feudal Age
9:45 Double-Bit Axe
17:21 Horse Collar
20:26 Castle Age
19:14 Scale Barding Armor
19:27 Bloodlines
19:49 Fletching
20:28 Gold Mining
20:39 Light Cavalry
21:21 Husbandry
22:53 Pikeman
24:10 Chain Barding Armor
25:55 Bodkin Arrow
29:25 Wheelbarrow
28:58 Padded Archer Armor
29:33 Ballistics
30:22 Thumb Ring
32:37 Leather Archer Armor
38:48 Hand Cart
38:19 Town Watch
42:14 Imperial Age
43:00 Bracer
43:31 Ring Archer Armor
43:37 Plate Barding Armor
44:04 Chemistry
44:08 Parthian Tactics
43:24 Cavalier
45:17 Conscription
44:49 Heavy Cavalry Archer
47:55 Paladin
49:56 Conscription
49:37 Corvinian Army
51:49 Recurve Bow
Connection lost

Rejoining the realm…

Still unreachable

The connection could not be restored.

Session expired

The server has moved on; the page needs a fresh start.